 Dungeon Crawl Stone Soup version 0.31-a0-233-g139696dc86 (webtiles) character file.

Game seed: 6693276446775258366

57 qw the Shooter (level 3, -2/29 HPs)
             Began as a Minotaur Hexslinger on July 8, 2023.
             Slain by Sigmund
             ... wielding a +0 scythe
              (4 damage)
             ... on level 2 of the Dungeon.
             The game lasted 00:00:24 (861 turns).

qw the Shooter (Minotaur Hexslinger)                 Turns: 861, Time: 00:00:25

Health: -2/29      AC:  6    Str: 12    XL:     3   Next: 73%
Magic:  3/3        EV: 11    Int: 10    God:
Gold:   106        SH:  0    Dex: 14    Spells: 3/4 levels left

rFire   . . .        Y - +1 sling
rCold   . . .        (no shield)
rNeg    . . .        d - +0 ring mail
rPois   .            (helmet restricted)
rElec   .            (no cloak)
rCorr   .            f - +0 pair of gloves
SInv    .            (no boots)
Will    +....        (no amulet) Stlth
                     h - ring of willpower
HPRegen 0.24/turn    (no ring)
MPRegen 0.08/turn

%: no passive effects
@: confused
A: horns 2, retaliatory headbutt
a: no special abilities


You were on level 2 of the Dungeon.
You visited 1 branch of the dungeon, and saw 2 of its levels.

You collected 106 gold pieces.


Innate Abilities, Weirdness & Mutations

You have a pair of horns on your head.
You reflexively headbutt those who attack you in melee.


   Skills:
 - Level 2.0 Fighting
 + Level 4.0 Ranged Weapons
 - Level 1.4 Armour
 - Level 2.1 Dodging
 - Level 1.0 Spellcasting
 - Level 2.0 Hexes


You had 3 spell levels left.
You knew the following spells:

 Your Spells              Type           Power      Damage    Failure   Level
a - Slow                  Hex            16%        N/A       32%         1

Your spell library contained the following spells:

 Spells                   Type           Power      Damage    Failure   Level
 Inner Flame              Hex/Fire       2%         N/A       83%         3
 Portal Projectile        Hex/Tloc       4%         N/A       83%         3
 Cause Fear               Hex            2%         N/A       97%         4

Inventory:

Hand Weapons
 Y - a +1 sling (weapon)
Armour
 d - a +0 ring mail (worn)
 f - a +0 pair of gloves (worn)
Jewellery
 b - an amulet of faith
 h - a ring of willpower (left hand)
Scrolls
 a - 2 scrolls of identify {unknown}
Potions
 c - 2 potions of enlightenment {unknown}
 e - a potion of haste {unknown}
 g - a potion of cancellation {unknown}

Dungeon Overview and Level Annotations

Branches:
Dungeon (2/15)

Altars:
Yredelemnul

Shops:
D:1 !

Annotations:
D:2 Sigmund


Message History

You shoot a sling bullet. The sling bullet barely misses Sigmund.
The sling bullet closely misses the adder.
The sling bullet closely misses the jackal.
The sling bullet hits the jackal.
The jackal is moderately wounded.
Sigmund hits you from afar with a +0 scythe!
You shoot a sling bullet.
The sling bullet closely misses Sigmund.
The sling bullet misses the adder.
The sling bullet hits the jackal.
You kill the jackal!
Sigmund closely misses you.
You shoot a sling bullet. The sling bullet barely misses Sigmund.
The sling bullet hits the adder!
The adder is almost dead.
Sigmund points at you and mumbles some strange words.
You resist with almost no effort.
You shoot a sling bullet. The sling bullet barely misses Sigmund.
The sling bullet misses the adder.
The sling bullet closely misses the jackal.
Sigmund points at you and mumbles some strange words.
The puff of flame misses you.
A bat comes into view.
Sigmund gestures wildly while chanting.
Sigmund flickers and vanishes!
Deactivating autopickup; reactivate with Ctrl-A.
You shoot a sling bullet. The sling bullet hits the adder.
You kill the adder!
Something hits you.
Your Armour skill increases to level 1!
You shoot a sling bullet.
You hear some strange, mumbled words.
A puff of flame appears from out of thin air!
The puff of flame hits you!
You shoot a sling bullet.
You hear some strange, mumbled words.
You are confused.
A magic dart appears from out of thin air!
The magic dart hits you. Something hits you.
You die...

#.....##### #..........
#.....)#.. #........ #...>..##.#
#......... ...####.....######
...bh{.@..........
#############.#######
###.............#
#...........###.#############
#####...........# #..............
....'...........###.######....###
#####....................'....+..
#####...#'###########..###....##.
.........................+....'..


You could see a jackal and a bat.

Vanquished Creatures
  2 adders (D:2)
  A dart slug (D:2)
  A bat (D:1)
  4 endoplasms
  2 giant cockroaches
  4 goblins (D:1)
  3 hobgoblins (D:1)
  3 jackals
  6 kobolds
  A quokka (D:2)
  2 ball pythons (D:1)
  2 frilled lizards
  2 rats
33 creatures vanquished.

Notes
Turn   | Place    | Note
-------+----------+-------------------------------------------
     0 | D:1      | qw the Minotaur Hexslinger began the quest for the Orb.
     0 | D:1      | Reached XP level 1. HP: 16/16 MP: 1/1
     0 | D:1      | 0 ||| qw: Version: 0.3-a-46-gb1f654a
     0 | D:1      | 0 ||| qw: Game counter: 3481
     0 | D:1      | 0 ||| qw: Melee chars always use a shield: true
     0 | D:1      | 0 ||| qw: God list: Okawaru
     0 | D:1      | 0 ||| qw: Allow faded altars: false
     0 | D:1      | 0 ||| qw: Do Orc after clearing Dungeon:15 true
     0 | D:1      | 0 ||| qw: Do second Lair branch before Depths: true
     0 | D:1      | 0 ||| qw: Lair rune preference: random
     0 | D:1      | 0 ||| qw: Goals: Normal
     0 | D:1      | 0 ||| PLANNING D:1-11
    72 | D:1      | Reached skill level 3 in Ranged Weapons
    78 | D:1      | Found Ihutaeno's Distillery.
    86 | D:1      | Reached XP level 2. HP: 23/23 MP: 2/2
   145 | D:1      | Found a faded altar of an unknown god.
   164 | D:1      | 164 ||| SHOPLISTING potion of enlightenment (60 gold, have
                  | 19).
   164 | D:1      | 164 ||| SHOPLISTING potion of haste (120 gold, have 19).
   164 | D:1      | 164 ||| SHOPLISTING potion of resistance (120 gold, have
                  | 19).
   193 | D:1      | 193 ||| Stepping ~*~*~tactically~*~*~ (outnumbered).
   453 | D:1      | Reached XP level 3. HP: 29/29 MP: 3/3
   504 | D:1      | 504 ||| UPGRADING to +0 ring mail.
   514 | D:1      | 514 ||| DROPPING +0 robe.
   515 | D:1      | 515 ||| UPGRADING to +0 pair of gloves.
   520 | D:1      | 520 ||| UPGRADING to ring of willpower.
   521 | D:1      | 521 ||| READING scroll labelled IPRAF UJAPP.
   522 | D:1      | 522 ||| DROPPING scroll of poison.
   712 | D:2      | Found a basalt altar of Yredelemnul.
   777 | D:2      | Reached skill level 4 in Ranged Weapons
   844 | D:2      | Noticed Sigmund
   858 | D:2      | Reached skill level 1 in Armour
   858 | D:2      | HP: 6/29 [something/puff of flame (8)]
   860 | D:2      | HP: 2/29 [something/magic dart (4)]
   861 | D:2      | Slain by Sigmund

Levels and vault maps discovered:
D:1:      dpeg_arrival_ternary, layout_rooms,
          hellmonk_ecumenical_altar_crossroads, serial_shops,
          nicolae_shop_tiny_waterfront
D:2:      layout_basic, basic_altar, uniq_sigmund, uniq_robin

Skill      XL: |  1  2  3 |
---------------+----------+-----
Ranged Weapons | 3 4 |  4.0
Fighting       | 2 |  2.0
Armour         | 1 |  1.4
Dodging        | |  2.1
Spellcasting   | |  1.0
Hexes          | |  2.0

Action                     || total
---------------------------++-------
   Fire: Sling             ||   107
    Use: Scroll            ||     1
 Armour: Robe              ||     9
         Ring mail         ||     4
  Dodge: Dodged            ||    28

Table legend:
 A = Non-vault XP
 B = Vault XP
 C = Vault XP percentage of total XP
 D = Non-vault monster count
 E = Vault monster count
 F = Vault count percentage of total count
                 A         B        C        D         E       F
            +---------+---------+-------+---------+---------+-------
      Total |      82 |       0 |   0.0 |      33 |       0 |   0.0
            +---------+---------+-------+---------+---------+-------
        D:1 |      41 |       0 |   0.0 |      23 |       0 |   0.0
        D:2 |      41 |       0 |   0.0 |      10 |       0 |   0.0
            +---------+---------+-------+---------+---------+-------
